Map: Interloper LE

Players

soul - Winner!

  • Race: Terran Terran
  • Spawn Location: 11:00

BackupA (Rob)

  • Race: Protoss Protoss
  • Spawn Location: 5:00

Event: WCS Montreal 2017

VOD

Have the link to the VOD?

Description

Time

  • Played on: Sept. 8, 2017, 2:30 p.m.
  • Length: 8:06

All games in this series

Show
View Real Time Build Order
Export as new Build Order

soul Terran - Winner!

Build Orders: Gas First Reaper Expand, Reaper Expand, MMM Bio 

Get SALT Encoding   

  12  0:00  SCV  
  13  0:12  SCV  
  14  0:17  Supply Depot  
  14  0:25  SCV  
  15  0:30  Refinery  
  15  0:38  SCV  
  16  0:45  Barracks  
  16  0:50  SCV  
  17  1:03  SCV  
  18  1:15  SCV  
  19  1:35  Orbital Command, Reaper  
  20  1:45  Command Center  
  20  1:56  Factory  
  20  2:01  SCV  
  21  2:09  Barracks Reactor  
  21  2:13  SCV  
  22  2:16  Refinery  
  22  2:23  Supply Depot  
  22  2:26  SCV, Engineering Bay  
  23  2:44  SCV  
  23  2:50  Starport  
  23  2:54  Hellion x2  
  23  2:55  Marine  
  23  2:57  SCV  
  29  3:05  Orbital Command  
  29  3:09  SCV  
  30  3:22  SCV  
  30  3:23  Marine  
  30  3:24  Marine, Widow Mine  
  35  3:27  Viking  
  35  3:30  SCV  
  35  3:34  SCV  
  39  3:42  Marine, SCV  
  39  3:46  SCV  
  42  3:54  SCV  
  41  3:58  SCV  
  41  4:00  Barracks  
  41  4:02  Barracks  
  41  4:06  SCV  
  41  4:08  Bunker, Marine  
  41  4:09  Marine, Engineering Bay  
  42  4:10  SCV  
  42  4:14  Refinery  
  42  4:16  Starport Tech Lab, Factory Tech Lab  
  43  4:19  SCV  
  43  4:22  SCV  
  45  4:26  Supply Depot, Marine  
  46  4:34  Supply Depot  
  46  4:37  Refinery  
  46  4:46  Refinery  
  46  4:47  Marine x2, Starport Reactor  
  46  4:48  SCV x2  
  46  4:50  Supply Depot, Factory Reactor  
  50  4:57  Supply Depot  
  50  5:00  SCV x2  
  50  5:01  Stimpack  
  50  5:02  Marine  
  50  5:03  Marine  
  50  5:05  Marine  
  50  5:07  Marine  
  55  5:11  Combat Shields  
  55  5:12  SCV x2  
  58  5:23  Supply Depot  
  58  5:24  SCV x2  
  58  5:26  Terran Infantry Weapons Level 1  
  58  5:27  Marine  
  61  5:28  Marine  
  61  5:30  Marine  
  61  5:33  Marine  
  61  5:34  Supply Depot  
  63  5:36  Medivac, SCV x2  
  67  5:45  Marine  
  67  5:46  Marine  
  67  5:48  SCV x2  
  71  5:51  Marine  
  71  5:52  Marauder  
  71  5:55  Medivac  
  71  5:57  Widow Mine x2  
  76  6:00  SCV x2  
  82  6:04  Supply Depot  
  82  6:05  Marine  
  82  6:09  Marauder  
  85  6:14  Marine  
  85  6:16  SCV  
  87  6:20  Medivac  
  87  6:23  Command Center  
  87  6:25  Medivac  
  91  6:26  SCV  
  91  6:28  Supply Depot  
  91  6:29  Marine  
  91  6:30  Marauder  
  95  6:33  Marauder  
  95  6:35  SCV  
  98  6:40  Widow Mine  
  98  6:46  Marine  
  100  6:48  SCV  
  100  6:51  Marauder  
  100  6:53  Barracks  
  103  6:54  SCV  
  103  6:55  Barracks, Marauder  
  103  7:00  SCV  
  107  7:02  Supply Depot, Concussive Shells  
  107  7:06  SCV  
  108  7:13  SCV  
  109  7:19  SCV  
  110  7:23  Marine  
  110  7:24  Marauder  
  118  7:34  Marine, SCV  
  118  7:35  SCV, Marauder  
  123  7:41  Marine  
  120  7:44  Marine  
  120  7:45  SCV  
  120  7:46  Marine  
  116  7:53  SCV  
Show
View Real Time Build Order
Export as new Build Order

BackupA Protoss 

Build Orders: 1 Gate Expand, Zealot Archon 

Get SALT Encoding   

  12  0:00  Probe (Chrono Boost)  
  13  0:11  Probe (Chrono Boost)  
  14  0:16  Pylon  
  14  0:22  Probe (Chrono Boost)  
  15  0:35  Probe (Chrono Boost), Gateway  
  16  0:42  Assimilator  
  16  0:45  Probe (Chrono Boost)  
  17  0:56  Probe (Chrono Boost)  
  18  1:06  Probe (Chrono Boost)  
  19  1:17  Probe (Chrono Boost)  
  20  1:23  Nexus  
  20  1:34  Cybernetics Core  
  20  1:35  Probe (Chrono Boost)  
  21  1:42  Assimilator  
  21  1:45  Probe (Chrono Boost)  
  22  1:49  Pylon  
  22  1:56  Probe (Chrono Boost)  
  23  2:07  Probe (Chrono Boost)  
  24  2:10  Adept (Chrono Boost)  
  24  2:11  Warp Gate  
  26  2:19  Probe  
  27  2:32  Mothership Core (Chrono Boost)  
  27  2:35  Probe (Chrono Boost)  
  30  2:46  Probe (Chrono Boost)  
  30  2:50  Probe (Chrono Boost)  
  31  2:57  Probe (Chrono Boost)  
  31  3:01  Probe (Chrono Boost)  
  32  3:07  Probe (Chrono Boost)  
  32  3:12  Probe (Chrono Boost)  
  34  3:17  Stargate  
  34  3:18  Probe (Chrono Boost), Stalker  
  37  3:22  Probe (Chrono Boost)  
  37  3:25  Pylon  
  38  3:28  Probe (Chrono Boost)  
  38  3:33  Probe (Chrono Boost)  
  40  3:34  Gateway  
  40  3:35  Gateway  
  37  3:41  Probe (Chrono Boost)  
  37  3:43  Probe (Chrono Boost)  
  38  3:52  Probe (Chrono Boost)  
  38  3:54  Probe (Chrono Boost)  
  38  4:01  Probe (Chrono Boost), Oracle (Chrono Boost)  
  39  4:04  Probe (Chrono Boost)  
  40  4:12  Probe (Chrono Boost)  
  40  4:13  Stalker  
  40  4:16  Probe (Chrono Boost)  
  44  4:22  Probe, Robotics Facility  
  45  4:27  Probe (Chrono Boost), Pylon  
  45  4:31  Stalker  
  48  4:33  Stalker  
  48  4:37  Probe (Chrono Boost)  
  51  4:40  Probe (Chrono Boost)  
  52  4:48  Probe (Chrono Boost), Twilight Council  
  52  4:50  Probe (Chrono Boost)  
  52  4:51  Assimilator  
  52  4:52  Assimilator  
  54  4:58  Probe (Chrono Boost)  
  55  5:01  Probe (Chrono Boost)  
  56  5:08  Probe (Chrono Boost)  
  56  5:11  Probe (Chrono Boost), Warp Prism (Chrono Boost)  
  60  5:15  Sentry, Forge  
  60  5:17  Pylon  
  62  5:23  Gateway  
  62  5:26  Gateway  
  62  5:31  Templar Archives  
  62  5:33  Charge (Chrono Boost)  
  62  5:38  Zealot  
  62  5:42  Protoss Ground Weapons Level 1, Zealot  
  63  5:43  Zealot  
  63  5:49  Observer (Chrono Boost)  
  66  5:54  Pylon  
  66  5:57  Psionic Storm  
  66  6:06  Zealot x2  
  70  6:13  Pylon  
  70  6:23  Nexus  
  70  6:26  High Templar  
  70  6:32  Probe x2  
  72  6:34  High Templar  
  72  6:37  High Templar, Zealot x3  
  80  6:47  Probe x2  
  82  6:56  Pylon  
  82  6:58  Gateway  
  82  6:59  Probe x2, Gateway, Pylon  
  84  7:04  Gateway  
  84  7:05  High Templar  
  86  7:13  Pylon  
  86  7:18  High Templar  
  86  7:19  Pylon  
  88  7:25  Archon  
  88  7:33  Stalker  
  88  7:34  Stalker x2  
  88  7:35  Probe  
  88  7:36  Probe  
  97  7:37  Probe  
  97  7:42  Archon  
  93  7:48  Probe  
  93  7:51  Probe  
  80  7:53  Probe  
Tags
 
Add a new tag
Caveats
  • Supply blocks, unpowered buildings, or Contaminate may cause inaccurate times.
  • Supply counts are checked every 10 seconds.